Map: Magma Mines

Players

Emperor

  • Race: Protoss Protoss

Roma - Winner!

  • Race: Protoss Protoss

Joker

  • Race: Terran Terran

gummybearsOP - Winner!

  • Race: Terran Terran

VOD

Have the link to the VOD?

Description

Time

  • Played on: March 31, 2016, 2:11 a.m.
  • Length: 10:22
Show
View Real Time Build Order
Export as new Build Order

Emperor Protoss 

Build Orders:  

Get SALT Encoding   

  12  0:02  Probe (Chrono Boost)  
  13  0:17  Probe (Chrono Boost)  
  14  0:27  Probe (Chrono Boost), Pylon  
  15  0:48  Gateway  
  15  0:58  Assimilator  
  15  1:02  Probe (Chrono Boost)  
  15  1:03  Assimilator  
  16  1:10  Forge  
  16  1:12  Probe (Chrono Boost)  
  17  1:23  Probe (Chrono Boost)  
  18  1:33  Probe (Chrono Boost)  
  18  1:35  Zealot  
  21  1:43  Cybernetics Core  
  21  1:46  Probe (Chrono Boost)  
  22  1:57  Probe (Chrono Boost)  
  23  2:11  Pylon  
  23  2:25  Photon Cannon  
  23  2:28  Protoss Ground Weapons Level 1  
  23  2:29  Probe (Chrono Boost), Zealot  
  26  2:56  Zealot  
  28  3:04  Nexus  
  28  3:23  Stalker  
  30  4:03  Pylon  
  30  4:09  Pylon  
  30  4:11  Probe (Chrono Boost)  
  30  4:12  Pylon  
  30  4:16  Stalker  
  33  4:22  Probe (Chrono Boost), Protoss Ground Armor Level 1  
  33  4:23  Probe (Chrono Boost), Twilight Council  
  35  4:32  Probe (Chrono Boost)  
  35  4:33  Probe (Chrono Boost)  
  37  4:43  Probe (Chrono Boost)  
  37  4:44  Probe (Chrono Boost)  
  39  4:46  Stalker  
  41  4:53  Probe (Chrono Boost)  
  41  4:54  Probe (Chrono Boost)  
  41  4:57  Photon Cannon  
  43  5:00  Photon Cannon  
  43  5:03  Assimilator  
  43  5:05  Probe (Chrono Boost)  
  44  5:07  Assimilator  
  44  5:16  Probe (Chrono Boost), Stalker  
  47  5:26  Probe (Chrono Boost), Stargate  
  48  5:29  Robotics Facility  
  48  5:37  Probe (Chrono Boost)  
  49  5:46  Stalker  
  49  5:47  Probe (Chrono Boost)  
  52  5:58  Probe (Chrono Boost)  
  53  6:08  Probe (Chrono Boost)  
  54  6:15  Stalker  
  54  6:17  Observer  
  57  6:19  Probe (Chrono Boost)  
  57  6:24  Pylon  
  39  7:14  Zealot  
  41  7:40  Photon Cannon  
  41  7:41  Zealot  
  2  9:11  Probe (Chrono Boost)  
  3  9:21  Probe (Chrono Boost)  
  4  9:32  Probe (Chrono Boost)  
  5  9:42  Probe (Chrono Boost)  
  6  9:47  Gateway  
  6  9:49  Gateway  
  6  9:50  Gateway  
  4  9:53  Probe (Chrono Boost)  
Show
View Real Time Build Order
Export as new Build Order

Roma Protoss - Winner!

Build Orders:  

Get SALT Encoding   

  12  0:10  Assimilator  
  12  0:32  Probe (Chrono Boost)  
  13  0:42  Probe (Chrono Boost)  
  14  0:52  Pylon  
  14  1:07  Pylon  
  14  1:21  Gateway  
  14  1:29  Probe (Chrono Boost)  
  15  1:39  Probe (Chrono Boost)  
  16  1:45  Assimilator  
  16  1:50  Probe (Chrono Boost)  
  17  2:04  Forge  
  17  2:06  Probe (Chrono Boost)  
  18  2:13  Gateway  
  18  2:17  Probe (Chrono Boost)  
  19  2:23  Cybernetics Core  
  19  2:27  Probe (Chrono Boost)  
  20  2:32  Pylon  
  20  3:01  Warp Gate  
  20  3:03  Stalker, Twilight Council  
  22  3:13  Stalker  
  24  3:25  Pylon  
  24  3:35  Cybernetics Core  
  24  3:54  Gateway  
  24  4:00  Photon Cannon  
  24  4:14  Dark Shrine  
  24  4:54  Gateway  
  24  5:00  Probe (Chrono Boost)  
  25  5:11  Probe (Chrono Boost)  
  26  5:21  Probe (Chrono Boost)  
  26  5:22  Gateway  
  27  5:28  Dark Templar  
  27  5:29  Dark Templar  
  31  5:52  Dark Templar  
  33  5:57  Nexus  
  28  6:17  Dark Templar  
  11  7:14  Dark Templar x2  
  9  8:03  Probe (Chrono Boost)  
  6  8:13  Probe (Chrono Boost)  
  7  8:24  Probe (Chrono Boost)  
  8  8:34  Probe (Chrono Boost)  
  9  8:45  Probe (Chrono Boost)  
  10  9:06  Zealot  
Show
View Real Time Build Order
Export as new Build Order

Joker Terran 

Build Orders: MMM Bio 

Get SALT Encoding   

  12  0:02  SCV  
  13  0:14  SCV  
  14  0:26  SCV, Supply Depot  
  15  0:47  SCV  
  15  0:48  Barracks  
  16  0:56  Supply Depot  
  16  0:59  SCV  
  17  1:11  SCV  
  17  1:15  Refinery  
  18  1:23  SCV  
  18  1:25  Barracks  
  19  1:35  SCV  
  19  1:38  Marine  
  21  1:40  Engineering Bay  
  21  1:49  SCV  
  22  1:56  Marine  
  22  2:01  SCV  
  24  2:10  Supply Depot  
  24  2:14  Marine  
  25  2:16  Barracks Reactor  
  25  2:23  Barracks  
  25  2:27  SCV  
  26  2:32  Marine  
  27  2:37  Refinery  
  27  2:50  Barracks Reactor  
  27  2:56  Marine x2  
  29  3:00  Supply Depot  
  29  3:07  SCV  
  29  3:10  Terran Infantry Weapons Level 1  
  30  3:14  Marine x2  
  32  3:21  Barracks Tech Lab  
  32  3:26  Barracks  
  32  3:32  Marine x2  
  34  3:38  Marine x2  
  34  3:49  Marine  
  34  3:50  Marine  
  36  3:56  Marine  
  36  3:57  Marine  
  36  3:59  Stimpack  
  38  4:07  Marine x2  
  40  4:15  Supply Depot  
  40  4:26  Marine  
  40  4:27  Marine x2  
  40  4:28  Marine  
  44  4:38  Supply Depot  
  44  4:41  Barracks Reactor  
  44  4:44  Marine x2  
  46  4:49  Barracks  
  46  5:07  Marine  
  46  5:08  Marine x3  
  50  5:18  Orbital Command  
  50  5:25  Marine x2  
  52  5:42  Barracks Tech Lab  
  52  6:00  Combat Shields  
  52  6:32  Marine  
  52  6:33  Marine x2  
  49  6:56  Marine  
  49  7:00  Marine  
  48  7:02  Marine  
  30  8:53  Command Center  
Show
View Real Time Build Order
Export as new Build Order

gummybearsOP Terran - Winner!

Build Orders:  

Get SALT Encoding   

  12  0:01  SCV  
  13  0:25  SCV  
  14  0:36  Supply Depot  
  14  0:37  SCV  
  15  0:45  Supply Depot  
  15  0:49  Refinery  
  15  0:58  SCV  
  16  1:10  SCV  
  17  1:12  Barracks  
  17  1:23  SCV  
  18  1:25  Refinery  
  18  1:35  SCV  
  19  1:48  SCV  
  20  2:00  Orbital Command  
  20  2:03  Marine  
  21  2:08  Barracks  
  21  2:16  Engineering Bay  
  21  2:21  Marine  
  22  2:25  SCV  
  23  2:37  SCV  
  23  2:38  Marine  
  25  2:48  Terran Infantry Weapons Level 1  
  25  2:50  Engineering Bay  
  26  2:51  SCV  
  26  2:56  Marine  
  26  2:57  Marine  
  28  3:03  SCV  
  29  3:09  Bunker  
  29  3:16  Marine  
  30  3:20  Barracks Tech Lab  
  30  3:25  Terran Infantry Armor Level 1  
  30  3:29  Factory  
  30  3:34  Marine  
  25  3:49  Marine  
  25  3:52  Marine  
  25  3:54  Combat Shields  
  27  4:05  Bunker  
  27  4:06  Marine  
  28  4:10  Marine  
  28  4:14  Factory Tech Lab  
  28  4:15  Factory  
  29  4:24  Marine  
  29  4:27  Marine  
  31  4:59  Bunker  
  31  5:00  Armory  
  31  5:11  Marine x2  
  33  5:16  Supply Depot  
  33  5:17  Supply Depot  
  33  5:18  Supply Depot  
  33  5:28  Marine x2  
  35  5:47  Marauder  
  37  5:50  Missile Turret  
  37  5:53  Marine  
  38  6:08  Marauder  
  40  6:11  Marine  
  40  6:12  Missile Turret  
  41  6:52  Marine x2  
  42  7:10  Marine x2  
  44  7:27  Marine  
  44  7:28  Marine  
  46  7:50  Marine x2  
  22  8:08  Marine x2  
  24  8:26  Marine x2  
  26  8:43  Command Center  
  19  9:45  Marine  
  18  9:46  Marine  
Tags
 
Add a new tag
Caveats
  • Supply blocks, unpowered buildings, or Contaminate may cause inaccurate times.
  • Supply counts are checked every 10 seconds.